 Dungeon Crawl Stone Soup version 0.22-a0-515-g75794bf (webtiles) character file.

107 nikopol the Chopper (level 4, 0/61 HPs)
             Began as a Minotaur Berserker on June 19, 2018.
             Was a Believer of Trog.
             Succumbed to Crazy Yiuf's poison
             ... on level 2 of the Dungeon.
             The game lasted 00:02:40 (1401 turns).

nikopol the Chopper (Minotaur Berserker)            Turns: 1401, Time: 00:02:41

Health: 0/61       AC:  6    Str: 27    XL:     4   Next: 56%
Magic:  3/3        EV: 11    Int:  4    God:    Trog [**....]
Gold:   77         SH:  0    Dex: 10    Spells: 3/3 levels left

rFire    . . .     SeeInvis .   a - +0 hand axe
rCold    . . .     Gourm    .   (no shield)
rNeg     . . .     Faith    .   h - +0 scale mail
rPois    .         Spirit   .   (helmet restricted)
rElec    .         Reflect  .   (no cloak)
rCorr    .         Harm     .   (no gloves)
MR       .....                  (no boots)
Stlth    ..........             (no amulet)
HPRegen  0.20/turn              (no ring)
MPRegen  0.08/turn              (no ring)

@: berserking (expiring), lethally poisoned (0 -> -19), very quick
A: retaliatory headbutt, horns 2
a: Berserk, Trog's Hand, Renounce Religion


You were on level 2 of the Dungeon.
You worshipped Trog.
Trog was pleased with you.
You were hungry.

You visited 1 branch of the dungeon, and saw 2 of its levels.

You collected 77 gold pieces.

Inventory:

Hand Weapons
 a - a +0 hand axe (weapon)
Armour
 b - a +0 animal skin
 h - a +0 scale mail (worn)
Jewellery
 d - an uncursed amulet of magic regeneration {unknown}
Wands
 m - a wand of flame (23)
Scrolls
 e - 5 scrolls of enchant weapon {unknown}
 f - 2 scrolls of identify {unknown}
 g - a scroll of magic mapping {unknown}
 i - a scroll of teleportation {unknown}
 j - a scroll of remove curse {unknown}
Potions
 k - a potion of heal wounds {unknown}
 l - a potion of mutation {unknown}
 n - a potion of might {unknown}
 o - a potion of brilliance {unknown}
Comestibles
 c - 7 rations


   Skills:
 + Level 4.5 Fighting
 + Level 5.2 Axes
 + Level 3.2 Armour
 + Level 2.6 Dodging


You had 3 spell levels left.
You didn't know any spells.
Your spell library was empty.

Dungeon Overview and Level Annotations

Branches:
Dungeon (2/15)

Altars:
Sif Muna
Zin


Innate Abilities, Weirdness & Mutations

You reflexively headbutt those who attack you in melee.
You have a pair of horns on your head.


Message History

Crazy Yiuf is moderately wounded.
* * * LOW HITPOINT WARNING * * *
You feel sick.
Your scale mail prevents you from hitting Crazy Yiuf.
You headbutt Crazy Yiuf!
Crazy Yiuf is almost dead.
* * * LOW HITPOINT WARNING * * *
You feel sick.
Crazy Yiuf hits you with a quarterstaff of chaos.
* * * LOW HITPOINT WARNING * * *
Crazy Yiuf freezes you.
* * * LOW HITPOINT WARNING * * *
You hit Crazy Yiuf.
You kill Crazy Yiuf!
Trog accepts your kill.
Your Axes skill increases to level 5!
* * * LOW HITPOINT WARNING * * *
You feel sick.
You are too berserk!
You die...

#.###.# ### #.###.######.## ###
#.............# ..#
##..##.######### #.# ##......#
#.# #....##.# ♣♣♣♣♣####.#
#..####.# #### ♣♣♣.♣....##.# #..#
#.# #...#♣..♣........####
#..####.# #..)'@♣♣♣♣.....>....#
#.......# #)..#♣♣ ♣♣....####.##
#.####### #### ♣♣#### #..#
#.##### #..# ......# #..#
#.#...########################..#
.........+.........'............#
##...<####..÷......####.........#
##.#..# ##..>....## ##.##.#####


There were no monsters in sight!

Vanquished Creatures
  Crazy Yiuf (D:2)
  An adder (D:2)
  An ooze (D:1)
  2 worms (D:2)
  4 dart slugs
  4 leopard geckos
  An orc (D:2)
  8 bats
  2 giant cockroaches
  6 goblins
  3 hobgoblins
  4 kobolds
  A quokka (D:2)
  A ball python (D:1)
  2 frilled lizards
  2 rats
43 creatures vanquished.

Notes
Turn   | Place    | Note
-------+----------+-------------------------------------------
     0 | D:1      | nikopol the Minotaur Berserker began the quest for the Orb.
     0 | D:1      | Reached XP level 1. HP: 19/19 MP: 0/0
   189 | D:1      | Reached skill level 4 in Axes
   199 | D:1      | Reached XP level 2. HP: 24/27 MP: 1/1
   528 | D:1      | Reached XP level 3. HP: 33/33 MP: 2/2
   586 | D:2      | Reached ** piety under Trog
   971 | D:2      | Found a glowing silver altar of Zin.
   971 | D:2      | Found a deep blue altar of Sif Muna.
  1124 | D:2      | Reached XP level 4. HP: 41/41 MP: 3/3
  1387 | D:2      | Found a runed door.
  1391 | D:2      | Noticed Crazy Yiuf
  1399 | D:2      | HP: 2/61 [Crazy Yiuf/quarterstaff of chaos (3)]
  1400 | D:2      | Killed Crazy Yiuf
  1400 | D:2      | Reached skill level 5 in Axes
  1401 | D:2      | Succumbed to Crazy Yiuf's poison

Vault maps used:
D:1:      matt_arrival_diagonals, minmay_tromino_i2
D:2:      amethyst_overflow_temple_binary, minmay_tall_x,
          uniq_crazy_yiuf_cottage

Skill      XL: |  1  2  3  4 |
---------------+-------------+-----
Axes           | 4 5 |  5.2
Fighting       | 4 |  4.5
Armour         | 3 |  3.2
Dodging        | |  2.6

Action                   |  1- 3 |  4- 6 || total
-------------------------+-------+-------++-------
Melee: Hand axe          |    83 |    14 ||    97
       Headbutt          |    14 |     5 ||    19
Invok: Berserk           |       |     1 ||     1
  Eat: Chunk             |     1 |     1 ||     2
Armor: Scale mail        |    39 |     4 ||    43
       Animal skin       |     1 |       ||     1
Dodge: Dodged            |    42 |     7 ||    49

Table legend:
 A = Spawn XP
 B = Non-spawn XP
 C = Spawn XP percentage of total XP
 D = Spawn monster count
 E = Non-spawn monster count
 F = Spawn count percentage of total count
 G = Total turns spent on level
                    A         B        C        D         E        F      G
               +---------+---------+-------+---------+---------+-------+---------
         Total |       0 |     153 |   0.0 |       0 |      43 |   0.0 |  1401
               +---------+---------+-------+---------+---------+-------+---------
           D:1 |       0 |      47 |   0.0 |       0 |      21 |   0.0 |   565
           D:2 |       0 |     106 |   0.0 |       0 |      22 |   0.0 |   836
               +---------+---------+-------+---------+---------+-------+---------
